 Dungeon Crawl Stone Soup version 0.21-a0-496-g696f58f (webtiles) character file.

7 theanonym the Skirmisher (level 1, 6/18 HPs)
             Began as a Demonspawn Fighter on Nov 24, 2017.
             Quit the game on level 1 of the Dungeon.
             The game lasted 00:00:25 (188 turns).

theanonym the Skirmisher (Demonspawn Fighter)        Turns: 188, Time: 00:00:26

Health: 6/18       AC:  6    Str: 16    XL:     1   Next: 91%
Magic:  1/1        EV:  6    Int:  9    God:
Gold:   17         SH:  8    Dex: 12    Spells: 0/0 levels left

rFire    . . .     SeeInvis .   a - +0 trident
rCold    . . .     Gourm    .   c - +0 shield
rNeg     . . .     Faith    .   b - +0 scale mail
rPois    .         Spirit   .   (no helmet)
rElec    .         Reflect  .   (no cloak)
rCorr    .         Harm     .   (no gloves)
MR       .....                  (no boots)
Stlth    ..........             (no amulet)
HPRegen  0.06/turn              (no ring)
MPRegen  0.07/turn              (no ring)

@: no status effects
A: no striking features
a: no special abilities


   Skills:
 - Level 3.0 Fighting
 + Level 2.4 Polearms
 - Level 2.6 Armour
 - Level 2.6 Shields


You couldn't memorise any spells.
You didn't know any spells.

Skill      XL: |  1 |
---------------+----+-----
Polearms       | 2 |  2.4
Fighting       | |  3.0
Armour         | |  2.6
Shields        | |  2.6

Action                   || total
-------------------------++-------
Melee: Trident           ||    36
Armor: Scale mail        ||    19
Dodge: Dodged            ||    10
Block: Shield            ||    15

Inventory:

Hand Weapons
 a - a +0 trident (weapon)
Armour
 b - a +0 scale mail (worn)
 c - a +0 shield (worn)
 h - a +0 pair of gloves
   (You found it on level 1 of the Dungeon)
Scrolls
 e - a scroll of teleportation {unknown}
Potions
 d - a potion of might
Comestibles
 f - a bread ration
 g - 4 chunks of flesh

Dungeon Overview and Level Annotations

Branches:
Dungeon (1/15)

Altars:


You were on level 1 of the Dungeon.
You were not hungry.

You visited 1 branch of the dungeon, and saw 1 of its levels.

You collected 17 gold pieces.


Message History

The kobold hits you but does no damage.
You closely miss the kobold. The kobold hits you but does no damage.
You hit the kobold. You block the kobold's attack.
You puncture the kobold!
You kill the kobold!
No target in view!
No target in view!
No target in view!
You start resting.
Things that are here:
a dagger; a short sword; 5 stones You regained 3 hp, and now have 17/18 hp.
Things that are here:
a club; a kobold corpse You now have 7 gold pieces.
A leopard gecko comes into view.
The leopard gecko hisses angrily.
Health restored: 18 A leopard gecko is nearby!
A leopard gecko is nearby!
A leopard gecko is nearby!
A leopard gecko is nearby!
A leopard gecko is nearby!
You closely miss the leopard gecko. You block the leopard gecko's attack.
You hit the leopard gecko. The leopard gecko bites you.
The leopard gecko bites you but does no damage.
You take 1 damage, and have 17/18 hp.
You hit the leopard gecko.
The leopard gecko bites you but does no damage.
You completely miss the leopard gecko. You block the leopard gecko's attack.
You puncture the leopard gecko!
You kill the leopard gecko!
Health restored: 18 No target in view!
No target in view!
h - a pair of gloves You now have 17 gold pieces (gained 10).
Found a stone staircase leading down.
Found 11 sling bullets.
A goblin comes into view.
Found a robe and a scroll labeled WUORONEGHIM.
A goblin is nearby!
A goblin is nearby!
You hit the goblin.
You kill the goblin!
No target in view!
No target in view!
No target in view!
No target in view!
You butcher the goblin corpse.
g - 4 chunks of flesh (gained 3)
You see here a goblin skeleton. x2
A kobold comes into view. It is wielding a short sword.
The kobold shouts!
The kobold throws a stone.
The stone hits you but does no damage.
Things that are here:
a stone; 11 sling bullets A kobold is nearby!
A kobold is nearby!
A kobold is nearby!
A kobold is nearby!
A frilled lizard and a leopard gecko come into view.
The frilled lizard hisses angrily.
The kobold throws a stone.
The stone hits you but does no damage.
Found 4 gold pieces.
You see here a stone.
Attack whom?
Aim: a kobold, wielding a short sword You reach to attack!
You closely miss the kobold. You closely miss the kobold.
The kobold hits you but does no damage.
You closely miss the kobold.
The leopard gecko completely misses you.
You block the kobold's attack. The frilled lizard barely misses you.
You block the leopard gecko's attack. The kobold hits you with a short sword.
You take 2 damage, and have 16/18 hp.
You barely miss the kobold. The leopard gecko bites you.
The frilled lizard bites you but does no damage.
The kobold hits you but does no damage.
You take 4 damage, and have 12/18 hp.
MASSIVE DAMAGE!!
You are too injured to fight recklessly!
You are too injured to fight recklessly!
You are too injured to fight recklessly!
You are too injured to fight recklessly!
You are too injured to fight recklessly!
The leopard gecko bites you.
The leopard gecko hisses menacingly.
The leopard gecko bites you but does no damage.
You see here a stone.
You take 2 damage, and have 10/18 hp.
You see here a goblin skeleton.
You closely miss the frilled lizard. The leopard gecko closely misses you.
The frilled lizard barely misses you. The leopard gecko closely misses you.
You block the frilled lizard's attack.
You miss the frilled lizard. You block the leopard gecko's attack.
The frilled lizard bites you but does no damage.
You miss the frilled lizard. The leopard gecko bites you.
* * * LOW HITPOINT WARNING * * *
The frilled lizard bites you but does no damage.
The leopard gecko closely misses you.
You take 4 damage, and have 6/18 hp.
MASSIVE DAMAGE!!

.. ... #######... ##.......#
##..#...#..#
###########..##...## .
.......>....##..#..##
....#########.#..##..###..##
........(Kl@....##..## ##..#
###....?[.l....##..## ##..
#.....########..## ##.
#...... #####..###########
#...... #.................
#.......#.#..###.##.#..#.#
#....$..#.##.#...##.#.###.
##+#.##.#..#........#.....
##...######.#.####


You could see a leopard gecko, a kobold and a frilled lizard.

Notes
Turn   | Place    | Note
-------+----------+-------------------------------------------
     0 | D:1      | theanonym the Demonspawn Fighter began the quest for the Orb.
     0 | D:1      | Reached XP level 1. HP: 18/18 MP: 1/1
    30 | D:1      | Reached skill level 2 in Polearms
   187 | D:1      | HP: 6/18 [leopard gecko (4)]
   188 | D:1      | Quit the game

Vanquished Creatures
  A leopard gecko (D:1)
  A hobgoblin (D:1)
  A goblin (D:1)
  3 kobolds (D:1)
  A rat (D:1)
7 creatures vanquished.
